 Dungeon Crawl Stone Soup version 0.13.0-18-g7b03ea5 (webtiles) character file.

145 Ragg the Sneak (level 3, -1/23 HPs)
             Began as an Octopode Assassin on Oct 23, 2013.
             Slain by a jackal (2 damage)
             ... on Level 2 of the Dungeon.
             The game lasted 00:12:03 (1372 turns).

Ragg the Sneak (Octopode Assassin)                  Turns: 1372, Time: 00:12:03

HP  -1/23        AC  1     Str 10      XL: 3   Next: 70%
MP   2/2         EV 12     Int 13      God:
Gold 98          SH  0     Dex 14      Spells:  0 memorised,  2 levels left

Res.Fire  : . . .   See Invis. : .   a - +2 dagger {=f}
Res.Cold  : + . .   Warding    : .   (no shield)
Life Prot.: . . .   Conserve   : .   (helmet restricted)
Res.Poison: .       Res.Corr.  : .   (no amulet)
Res.Elec. : .       Clarity    : .   q - ring of protection from cold {unknown}
Sust.Abil.: . .     Spirit.Shd : .   (no ring)
Res.Mut.  : .       Stasis     : .   (no ring)
Res.Rott. : .       Flight     : .   (no ring)
Saprovore : . . .                    (no ring)
                                     (no ring)
                                     (no ring)
                                     (no ring)

@: not resistant to hostile enchantments, very stealthy
A: almost no armour, amphibious, 8 rings, constrict 8, camouflage 1, AC +1
a: no special abilities


You were on level 2 of the Dungeon.
You were not hungry.

You visited 1 branch of the dungeon, and saw 2 of its levels.

You collected 48 gold pieces.

Inventory:

Hand weapons
 a - a +2,+2 dagger (weapon) {=f}
 b - a +0 blowgun
 o - a +0,+0 sling
Missiles
 e - 8 poisoned needles
 f - 2 curare-tipped needles
 j - 14 stones (quivered)
 k - a throwing net
 l - 18 darts
 v - 17 arrows
Comestibles
 g - a bread ration
 u - a rambutan
 z - a choko
Scrolls
 n - a scroll of noise {unknown}
 p - 3 scrolls of identify {unknown}
 s - a scroll of amnesia {unknown}
Jewellery
 q - a ring of protection from cold (left tentacle) {unknown}
Potions
 c - 2 potions of flight {unknown}
 d - a potion of slowing {unknown}
 h - a potion of brilliance {unknown}
 i - a potion of might {unknown}
 r - a potion of agility {unknown}
 w - a potion of magic {unknown}


   Skills:
 - Level 2.1 Fighting
 - Level 2.0 Short Blades
 - Level 2.0 Throwing
 - Level 1.0 Dodging
 * Level 7.1 Stealth


You had 2 spell levels left.
You didn't know any spells.

Dungeon Overview and Level Annotations

Branches:
Dungeon (2/27)

Altars:


Innate Abilities, Weirdness & Mutations

You cannot wear most types of armour.
You are amphibious.
You can wear up to eight rings at the same time.
You can use your tentacles to constrict many enemies at once.
Your skin changes colour to match your surroundings (Stlth).
Your rubbery body absorbs attacks (AC +1).


Message History

The adder barely misses you.
You hit the adder.
The adder is severely wounded.
You constrict the adder. The adder bites you.
* * * LOW HITPOINT WARNING * * *
You hit the adder.
The adder is almost dead.
You constrict the adder.
You kill the adder!
Your Stealth skill increases to level 7!
You hit the jackal but do no damage. You grab the jackal.
The jackal is heavily wounded.
You constrict the jackal. The jackal bites you.
* * * LOW HITPOINT WARNING * * *
You hit the jackal.
The jackal is severely wounded.
You constrict the jackal, but do no damage.
The jackal barely misses you. The jackal closely misses you.
The jackal bites you.
You die...

#......###...#.###.#
#......###...#.....#
#............#######
#......###...#
#......# #...#
#......###...#
#.#..........#
#.#h######.#.#
#%#@h......#.#
##.########.#.#
#...........#.#
#.#+#..########.#.#
#......# #.#.#
#.....%# #.#
#......# . #......#
#......#


You could see 2 jackals.

Vanquished Creatures
  An adder (D:2)
  A giant mite (D:1)
  6 bats
  6 goblins
  A jackal (D:2)
  3 giant cockroaches (D:1)
  A giant gecko (D:1)
  4 kobolds (D:1)
  8 rats
31 creatures vanquished.

Notes
Turn   | Place    | Note
--------------------------------------------------------------
     0 | D:1      | Ragg, the Octopode Assassin, began the quest for the Orb.
     0 | D:1      | Reached XP level 1. HP: 13/13 MP: 0/0
   152 | D:1      | Reached XP level 2. HP: 18/18 MP: 1/1
   166 | D:1      | Reached skill level 6 in Stealth
   485 | D:1      | Reached XP level 3. HP: 21/23 MP: 2/2
  1370 | D:2      | Reached skill level 7 in Stealth
  1371 | D:2      | HP: 1/23 [jackal (2)]
  1372 | D:2      | Slain by a jackal

Action                   || total
-------------------------++-------
Melee: Dagger            ||    83
 Stab: Sleeping          ||     4
